 Dungeon Crawl Stone Soup version 0.20.1-1-g8b1a95d (console) character file.

17750 Kloppie the Bludgeoner (level 12, -2/101 HPs)
             Began as a Minotaur Fighter on July 13, 2017.
             Was a Believer of Ashenzari.
             Slain by a centaur warrior (10 damage)
             ... on level 13 of the Dungeon.
             The game lasted 00:16:05 (9494 turns).

Kloppie the Bludgeoner (Minotaur Fighter)           Turns: 9494, Time: 00:16:06

Health: -2/101     AC: 25    Str: 30    XL:     12   Next: 21%
Magic:  11/11      EV: 12    Int:  5    God:    Ashenzari [**....]
Gold:   351        SH: 15    Dex: 19    Spells: 11/11 levels left

rFire    . . .     SeeInvis .   a - +2 morningstar (protect)
rCold    . . .     Gourm    .   c - +0 shield
rNeg     . . .     Faith    .   i - +0 plate armour
rPois    .         Spirit   .   (helmet restricted)
rElec    .         Reflect  .   e - +0 cloak
rCorr    .         Harm     .   h - +2 pair of gloves {Dex+3}
MR       .....                  (no boots)
Stlth    ..........             (no amulet)
Regen    0.3/turn               (no ring)
MPRegen  0.2/turn               (no ring)

@: mighty, agile, protection aura, slowed, very slow
A: retaliatory headbutt, horns 2
a: Curse Item, Scrying, Renounce Religion


You were on level 13 of the Dungeon.
You worshipped Ashenzari.
Ashenzari was pleased with you.
You were not hungry.

You visited 2 branches of the dungeon, and saw 14 of its levels.

You collected 586 gold pieces.
You spent 235 gold pieces at shops.

Inventory:

Hand Weapons
 a - a +2 morningstar of protection (weapon)
 b - a +0 flail
 A - a +2 flail of freezing
 D - a +2 flail
Armour
 c - a +0 shield (worn)
 e - a +0 cloak (worn)
 h - a +2 pair of gloves of dexterity (worn)
 i - a +0 plate armour (worn)
Wands
 p - a wand of lightning (10/15)
 x - a wand of enslavement (13/24)
 F - a wand of disintegration (10/24)
 H - a wand of disintegration (4/24)
 I - a wand of digging (14/24)
 L - a wand of scattershot (5/9)
 O - a wand of confusion (23/48)
Scrolls
 g - 4 scrolls of teleportation
 l - 5 scrolls of remove curse
 u - a scroll of blinking
 v - 3 scrolls of amnesia
 z - 3 scrolls of magic mapping
 C - a scroll of fog
 G - 4 scrolls of recharging
 K - a scroll of enchant weapon {unknown}
Potions
 d - a potion of might
 j - 2 potions of agility
 m - 3 potions of curing
 o - a potion of magic
 r - 3 potions of brilliance
 s - 2 potions of cancellation
 t - a potion of invisibility
 w - a potion of heal wounds
 J - 2 potions of lignification
 M - a potion of flight
 N - a potion of haste {unknown}
Books
 y - a book of Maledictions

   Spells                             Type                      Level
   a - Corona                         Hexes                        1
   b - Ensorcelled Hibernation        Hexes/Ice                    2
   c - Confuse                        Hexes                        3
   d - Tukima's Dance                 Hexes                        3
   e - Dazzling Spray                 Conjuration/Hexes            3
 B - a book of Conjurations

   Spells                             Type                      Level
   a - Magic Dart                     Conjuration                  1
   b - Searing Ray                    Conjuration                  2
   c - Dazzling Spray                 Conjuration/Hexes            3
   d - Fulminant Prism                Conjuration/Hexes            4
   e - Force Lance                    Conjuration/Translocation    4
   f - Iskenderun's Mystic Blast      Conjuration                  4
Comestibles
 f - 7 bread rations
 k - 4 meat rations
 n - 11 royal jellies
 q - 7 fruits
 E - 6 chunks of flesh


   Skills:
 - Level 8.1 Fighting
 + Level 16.2 Maces & Flails
 - Level 8.6 Armour
 + Level 13.4 Shields


You had 11 spell levels left.
You didn't know any spells.

Dungeon Overview and Level Annotations

Branches:
Dungeon (13/15)            Temple (1/1) D:5            Lair (0/6) D:10
    Orc (0/2) D:9
 Vaults: D:13-14

Altars:
Ashenzari
Cheibriados
Dithmenos
Elyvilon
Fedhas
Gozag
Hepliaklqana
Kikubaaqudgha
Makhleb
Nemelex Xobeh
Okawaru
Qazlal
Ru
Sif Muna
Trog
Uskayaw
Vehumet
Xom
Yredelemnul
Zin
The Shining One

Shops:
D:9 (   D:12 *


Innate Abilities, Weirdness & Mutations

You reflexively headbutt those who attack you in melee.
You have a pair of horns on your head.


Message History

You furiously retaliate!
You headbutt the centaur.
You kill the centaur!
You puncture the freezing wraith! You headbutt the freezing wraith!
You destroy the freezing wraith!
Something hits you but does no damage. x2; You block the centaur's attack.
The centaur hits you but does no damage.
The yaktaur wields an arbalest.
The yaktaur shoots a bolt.
You block the bolt.
The centaur warrior hits you but does no damage.
You block the centaur's attack. The centaur barely misses you.
Something hits you but does no damage.
You beat the centaur warrior like a drum!!!
You headbutt the centaur warrior!
The centaur warrior is almost dead.
Something hits you but does no damage. x2
You block the centaur warrior's attack.
The centaur hits you but does no damage.
The centaur hits you.
* * * LOW HITPOINT WARNING * * *
The centaur warrior hits you!
You die...

..#######.......#### ##....
..#..#..#.......#..#{,#.....
.....#.....###.....#,....###
, ....###.....#.....###...
,* .........#..#..#.......#
, .#.......#######..|_}.. ,
, .........#.(#..#.c.... * *
....###.....#..c(c###( * ,
.....#.....###.)@c.# *
..#..#..#....(..#{.# ,
..#######..)....#### , *
..#..#$.#.(###..#, ,,* *
..(..#......#...... ,
....###..#.$#..#..#* ,
.........#######.... * *
.........# {* *..... , ,
#...##......#, , .###,


You could see a centaur warrior, a yaktaur and 2 centaurs.

Vanquished Creatures
  Josephine (D:12)
  A yaktaur captain (D:13)
  4 two-headed ogres
  A tengu warrior (D:13)
  Pikel (D:8)
  A cyclops (D:13)
  The ghost of tschems the Chopper, a novice HuFi (D:4)
  Joseph (D:8)
  2 centaur skeletons
  2 freezing wraiths (D:13)
  A kobold demonologist (D:13)
  4 trolls
  A hornet (D:12)
  2 hippogriffs
  A meliai zombie (D:13)
  5 wraiths
  11 yaks
  2 hungry ghosts
  A soldier ant (D:12)
  An acid dragon (D:13)
  2 water moccasins
  2 black bears
  4 ice beasts
  2 slaves (D:8)
  4 necrophages
  3 orc warriors
  2 sky beasts
  6 centaurs
  5 ogres
  Blork the orc (D:5)
  A big kobold (D:9)
  7 bullfrogs
  4 scorpions
  10 wights (D:9)
  4 howler monkeys
  2 bullfrog zombies
  3 centaur zombies
  4 crimson imps
  4 hounds
  2 quasits
  4 orc priests
  8 jellies
  8 orc wizards
  Crazy Yiuf (D:2)
  Jessica (D:2)
  4 iguanas
  9 worker ants
  A killer bee zombie (D:5)
  A mummy (D:9)
  2 worker ant zombies
  A howler monkey skeleton (D:8)
  3 gnolls (D:8)
  7 adders
  3 shadow imps
  5 oozes (D:8)
  5 worms
  A dart slug (D:2)
  3 leopard geckos
  45 orcs
  4 giant cockroaches
  5 goblins
  7 hobgoblins
  4 jackals (D:2)
  3 quokkas
  3 ball pythons
  11 bats
  6 frilled lizards
  A giant cockroach zombie (D:5)
  A jackal skeleton (D:5)
  10 kobolds
  A quokka skeleton (D:5)
  10 rats
294 creatures vanquished.

Notes
Turn   | Place    | Note
-------+----------+-------------------------------------------
     0 | D:1      | Kloppie the Minotaur Fighter began the quest for the Orb.
     0 | D:1      | Reached XP level 1. HP: 19/19 MP: 0/0
   269 | D:1      | Reached XP level 2. HP: 27/27 MP: 1/1
   363 | D:1      | Reached skill level 3 in Maces & Flails
  1008 | D:2      | Noticed Jessica
  1010 | D:2      | Killed Jessica
  1010 | D:2      | Reached XP level 3. HP: 33/34 MP: 2/2
  1195 | D:2      | Found a runed door.
  1319 | D:2      | Reached skill level 4 in Maces & Flails
  1319 | D:2      | Reached XP level 4. HP: 27/41 MP: 3/3
  1323 | D:2      | Reached skill level 5 in Fighting
  2058 | D:2      | Noticed Crazy Yiuf
  2062 | D:2      | Killed Crazy Yiuf
  2147 | D:3      | Reached XP level 5. HP: 48/48 MP: 4/4
  2237 | D:3      | Noticed a necrophage
  2262 | D:3      | Killed a necrophage
  2262 | D:3      | Reached skill level 5 in Maces & Flails
  2614 | D:4      | Reached XP level 6. HP: 57/57 MP: 5/5
  2628 | D:4      | Reached skill level 6 in Maces & Flails
  2705 | D:4      | Found a glowing golden altar of the Shining One.
  2727 | D:4      | Noticed tschems's ghost (novice HuFi)
  2750 | D:4      | Killed tschems's ghost
  2750 | D:4      | Reached skill level 7 in Maces & Flails
  2750 | D:4      | Reached XP level 7. HP: 20/68 MP: 6/6
  3168 | D:4      | Found a sparkling altar of Nemelex Xobeh.
  3210 | D:4      | Found a basalt altar of Yredelemnul.
  3384 | D:4      | Noticed an angel
  3467 | D:5      | Entered Level 5 of the Dungeon
  3481 | D:5      | Reached skill level 8 in Maces & Flails
  3503 | D:5      | Noticed Blork the orc
  3506 | D:5      | Killed Blork the orc
  3506 | D:5      | Reached XP level 8. HP: 74/74 MP: 7/7
  3559 | D:5      | Reached skill level 5 in Armour
  3667 | D:5      | Reached skill level 9 in Maces & Flails
  3740 | D:5      | Found a staircase to the Ecumenical Temple.
  3749 | Temple   | Entered the Ecumenical Temple
  3874 | Temple   | Became a worshipper of Ashenzari the Shackled
  4573 | D:6      | Found a bloodstained altar of Trog.
  4573 | D:6      | Found a stormy altar of Qazlal.
  4573 | D:6      | Found a burning altar of Makhleb.
  4574 | D:6      | Found a shadowy altar of Dithmenos.
  4575 | D:6      | Found an opulent altar of Gozag.
  4576 | D:6      | Found an ancient bone altar of Kikubaaqudgha.
  4663 | D:6      | Reached skill level 10 in Maces & Flails
  4890 | D:6      | Found a blossoming altar of Fedhas.
  5093 | D:7      | Found a glowing golden altar of the Shining One.
  5109 | D:7      | Noticed a hippogriff
  5116 | D:7      | Killed a hippogriff
  5116 | D:7      | Reached XP level 9. HP: 66/81 MP: 8/8
  5365 | D:7      | Reached * piety under Ashenzari
  5501 | D:7      | Reached skill level 11 in Maces & Flails
  5693 | D:8      | Reached skill level 5 in Shields
  5964 | D:8      | Noticed Joseph
  5983 | D:8      | Killed Joseph
  6129 | D:8      | Reached skill level 12 in Maces & Flails
  6331 | D:8      | Found a white marble altar of Elyvilon.
  6372 | D:8      | Reached XP level 10. HP: 72/88 MP: 9/9
  6389 | D:8      | Noticed Pikel
  6405 | D:8      | Killed Pikel
  6492 | D:9      | Found a staircase to the Orcish Mines.
  6544 | D:9      | Found Iggosya's Weapon Emporium.
  6568 | D:9      | Bought a +2 morningstar of protection for 235 gold pieces
  6627 | D:9      | Noticed a two-headed ogre
  6642 | D:9      | Killed a two-headed ogre
  6642 | D:9      | Reached skill level 13 in Maces & Flails
  6696 | D:9      | Found a hazy altar of Hepliaklqana.
  6697 | D:9      | Noticed a two-headed ogre
  6717 | D:9      | Killed a two-headed ogre
  6959 | D:9      | Noticed a two-headed ogre
  6963 | D:9      | Killed a two-headed ogre
  6963 | D:9      | Reached skill level 10 in Shields
  7161 | D:9      | Reached XP level 11. HP: 94/94 MP: 10/10
  7164 | D:9      | Reached skill level 14 in Maces & Flails
  7355 | D:9      | Found a snail-covered altar of Cheibriados.
  7457 | D:10     | Entered Level 10 of the Dungeon
  7684 | D:10     | Found a staircase to the Lair.
  8491 | D:12     | Reached ** piety under Ashenzari
  8548 | D:12     | Found a hazy altar of Hepliaklqana.
  8647 | D:12     | Noticed a two-headed ogre
  8658 | D:12     | Killed a two-headed ogre
  8752 | D:12     | Found Fytifem's General Store.
  8926 | D:13     | Noticed Josephine
  8948 | D:12     | Reached skill level 15 in Maces & Flails
  8976 | D:12     | Killed Josephine
  9253 | D:13     | Found a sparkling altar of Nemelex Xobeh.
  9293 | D:13     | Reached XP level 12. HP: 85/101 MP: 11/11
  9435 | D:13     | Noticed a tengu warrior
  9455 | D:13     | Killed a tengu warrior
  9455 | D:13     | Reached skill level 16 in Maces & Flails
  9464 | D:13     | Noticed a yaktaur captain
  9468 | D:13     | Noticed a centaur warrior
  9490 | D:13     | Killed a yaktaur captain
  9494 | D:13     | Slain by a centaur warrior

Skill      XL: |  1  2  3  4  5  6  7  8  9 10 11 12 |
---------------+-------------------------------------+-----
Maces & Flails | 3 4 5 7 8 10 12 13 15 16 | 16.2
Fighting       | 4 5 6 8 |  8.1
Armour         | 4 7 8 |  8.6
Shields        | 6 10 12 13 | 13.4

Action                   |  1- 3 |  4- 6 |  7- 9 | 10-12 || total
-------------------------+-------+-------+-------+-------++-------
Melee: Flail             |    52 |   134 |   304 |    45 ||   535
       Headbutt          |     5 |    29 |    76 |   116 ||   226
       Morningstar       |       |       |       |   427 ||   427
  Use: Scroll            |       |     9 |     4 |    10 ||    23
       Potion            |       |     1 |       |     3 ||     4
 Stab: Invisible         |       |     1 |       |       ||     1
  Eat: Chunk             |     1 |     5 |    11 |    11 ||    28
       Royal jelly       |       |       |     1 |     1 ||     2
Armor: Scale mail        |    30 |    22 |       |       ||    52
       Plate armour      |       |    69 |   223 |   240 ||   532
Dodge: Dodged            |    32 |    34 |    96 |    89 ||   251
Block: Shield            |       |       |       |   206 ||   206
